 Dungeon Crawl Stone Soup version 0.31-a0-152-g6aa68a64a1 (webtiles) character file.

Game seed: 14212257950380759051

246845 qw the Slayer (level 19, 0/195 HPs)
             Began as a Minotaur Hunter on June 9, 2023.
             Was an Elder of Okawaru.
             Slain by an ironbound preserver
             ... wielding a +0 great mace
              (20 damage)
             ... on level 4 of the Vaults.
             The game lasted 00:17:06 (31006 turns).

qw the Slayer (Minotaur Hunter)                    Turns: 31006, Time: 00:17:06

Health: 0/195      AC: 30    Str: 16    XL:     19   Next: 21%
Magic:  25/25      EV: 29    Int:  6    God:    Okawaru [****..]
Gold:   1851       SH:  0    Dex: 22    Spells: 18/18 levels left

rFire   + . .        s - +1 longbow (flame)
rCold   . . .        (shield currently unavailable)
rNeg    . . .        u - +3 swamp dragon scales
rPois   +            b - +2 hat
rElec   .            m - scarf {repulsion}
rCorr   .            p - +2 pair of gloves
SInv    +            e - +2 pair of boots {Stlth+}
Will    ++...        n - amulet of regeneration
Stlth   ++++         r - +4 ring of protection
HPRegen 1.32/turn    a - ring "Raimmiemn" {rF+ Will+}
MPRegen 0.19/turn

%: repel missiles
@: heroic, marked
A: horns 2, retaliatory headbutt, see invisible
}: 1/15 runes: decaying
a: Renounce Religion, Heroism, Finesse


You were on level 4 of the Vaults.
You worshipped Okawaru.
Okawaru was greatly pleased with you.
You visited 7 branches of the dungeon, and saw 34 of its levels.

You collected 3059 gold pieces.
You spent 1208 gold pieces at shops.


Innate Abilities, Weirdness & Mutations

You have a pair of horns on your head.
You reflexively headbutt those who attack you in melee.
You have supernaturally acute eyesight. (SInv)


   Skills:
 - Level 23.0(27) Fighting
 - Level 20.0(25.0) Ranged Weapons
 + Level 15.8(20.8) Armour
 - Level 19.3(24.3) Dodging
 - Level 0.7(5.7) Stealth
 - Level 10.0 Invocations


You had 18 spell levels left.
You didn't know any spells.
Your spell library was empty.

Inventory:

Hand Weapons
 s - a +1 longbow of flaming (weapon)
Armour
 b - a +2 hat (worn)
 e - a +2 pair of boots of stealth (worn)
 f - the scarf "Yssiamun" {repulsion, rC- Str+2 SInv}
   (Okawaru gifted it to you on level 4 of the Lair of Beasts)

   Str:       It affects your strength (+2).
   rC:        It makes you vulnerable to cold.
   SInv:      It lets you see invisible.
 m - a scarf of repulsion (worn)
 p - a +2 pair of gloves (worn)
 u - +3 swamp dragon scales (worn)
 y - a +1 cloak of stealth
 B - a +1 ring mail of fire resistance
Jewellery
 a - the ring "Raimmiemn" (right hand) {rF+ Will+}
   (You found it on level 9 of the Dungeon)

   [ring of protection from fire]

   rF:        It protects you from fire.
   Will:      It increases your willpower.
 d - a ring of poison resistance
 j - a ring of fire
 n - an amulet of regeneration (around neck)
 r - a +4 ring of protection (left hand)
 C - a +4 ring of protection
Wands
 v - a wand of digging (8)
Scrolls
 l - 19 scrolls of identify
Potions
 c - 3 potions of cancellation
 h - 5 potions of mutation
 k - 4 potions of haste
 o - 7 potions of might
 q - 3 potions of curing
 t - 4 potions of magic

Dungeon Overview and Level Annotations

Branches:
Dungeon (15/15)            Temple (1/1) D:4            Lair (5/5) D:10
  Swamp (4/4) Lair:2        Snake (3/4) Lair:2        Slime (0/5) Lair:4
    Orc (2/2) D:9             Elf (0/3) Orc:2        Vaults (4/5) D:14
  Crypt (0/3) Vaults:3     Depths (0/4) D:15

Altars:
Ashenzari
Cheibriados
Dithmenos
Elyvilon
Fedhas
Gozag
Hepliaklqana
Kikubaaqudgha
Makhleb
Nemelex Xobeh
Okawaru
Qazlal
Ru
Sif Muna
Trog
Uskayaw
Vehumet
Wu Jian
Xom
Yredelemnul
Zin
The Shining One

Shops:
D:4 *[([   D:7 *   D:8 :(   Orc:2 *[[:   Vaults:1 **   Vaults:2 (

Portals:
Abyss: D:15

Annotations:
D:4 1 runed translucent door, Crazy Yiuf
D:15 2 transporters, Gosau's ghost, journeyman DsGl
Lair:2 2 runed translucent doors, qw's ghost, journeyman MiHu
Swamp:2 3 runed translucent doors, qw's ghost, adept GrFi
Vaults:1 3 runed translucent doors, Moagi's ghost, adept GnSk
Vaults:4 3 runed translucent doors, qw's ghost, adept GrHu


Message History

You hear a shout!
Enter note:
Enter note: You shoot an arrow.
The arrow hits the deep troll.
The arrow burns the deep troll.
The deep troll is lightly wounded.
The deep troll misses you. You furiously retaliate!
You headbutt the deep troll! The deep troll completely misses you.
The deep troll misses you.
The deep troll bites you but does no damage.
The deep troll claws you but does no damage.
The deep troll barely misses you.
The ironbound preserver completely misses you.
You shoot an arrow. The arrow hits the deep troll.
The arrow burns the deep troll.
The deep troll is moderately wounded.
The deep troll closely misses you. You furiously retaliate!
You headbutt the deep troll! The deep troll closely misses you.
The deep troll misses you. The deep troll completely misses you.
The deep troll misses you. The deep troll claws you!
The ironbound preserver misses you.
You shoot an arrow.
The arrow closely misses the deep troll.
The white ugly thing basks in the mutagenic energy from its kin and changes!
You shoot an arrow. The arrow barely misses the deep troll.
A wizard comes into view. It is wielding a +0 dagger.
The deep troll misses you.
The deep troll completely misses you. x3
You furiously retaliate!
You headbutt the deep troll.
The deep troll claws you but does no damage.
The deep troll misses you.
The ironbound preserver gestures wildly while chanting.
The ironbound preserver begins to accept its allies' injuries.
You shoot an arrow. The arrow hits the deep troll!
The arrow burns the deep troll.
The deep troll is severely wounded.
The deep troll completely misses you. The deep troll misses you.
The deep troll claws you but does no damage.
The deep troll misses you. The deep troll claws you!
The deep troll claws you but does no damage.
The ironbound preserver hits you with a +0 great mace!!
You die...

.......#
......#
......#
#.....#
#.....#
#.....#
#Tp...#
#.@...#
#.T...+
#.....#
#..u..#
..u...#
.......#
.......#
.......p#


You could see an ironbound preserver, 2 ugly things, 2 deep trolls and a wizard.

Vanquished Creatures
  Vashnia (Snake:3)
  Rupert (Lair:5)
  A lich (Vaults:1)
  2 sphinxes
  A tengu reaver (Vaults:4)
  4 thorn hunters (Swamp:4)
  2 nagarajas (Snake:2)
  Donald (Snake:2)
  Kirke (Snake:2)
  Roxanne (D:14)
  13 vault wardens
  Aizul (Snake:2)
  7 ironbound preservers
  11 ironbound thunderhulks
  2 orc warlords
  2 eleionomae
  Azrael (Snake:3)
  4 bunyips
  8 dire elephants
  2 eidola (Vaults:3)
  A crystal guardian (Vaults:2)
  An ettin (Vaults:1)
  3 entropy weavers
  3 yaktaur captains
  A shambling mangrove (Swamp:3)
  A rakshasa (D:15)
  2 ogre magi
  Fannar (Lair:1)
  4 peacekeepers
  4 great orbs of eyes
  Harold (Lair:1)
  2 vault guards
  3 boulder beetles
  22 hydras
  14 centaur warriors
  9 ironbound frosthearts
  2 catoblepae (Lair:5)
  A ghost crab (Swamp:4)
  8 anacondas
  6 alligators
  8 two-headed ogres
  A tengu warrior (D:15)
  10 naga sharpshooters
  2 naga warriors
  7 death yaks (Lair:5)
  Nergalle (Orc:2)
  An orc high priest (Orc:2)
  6 shock serpents
  A skyshark (Lair:5)
  A shadow wraith (Vaults:2)
  A salamander mystic (Snake:3)
  8 spriggan druids
  2 goliath frogs
  26 deep trolls
  11 swamp dragons
  3 naga ritualists
  2 lindwurms
  3 bog bodies
  6 wizards
  A phantasmal warrior (Vaults:2)
  5 mana vipers
  A deep elf archer (D:14)
  15 ironbound convokers
  Pikel (D:7)
  3 necromancers
  3 orc knights (Orc:2)
  3 deep elf zephyrmancers
  16 ugly things
  3 deep elf pyromancers
  2 orc sorcerers
  4 manticores
  3 cyclopes
  7 will-o-the-wisps
  11 elephants
  9 vault sentinels
  4 salamanders
  A centaur zombie (D:15)
  3 guardian serpents (Snake:1)
  2 naga magi (Snake:2)
  26 black mambas
  22 cane toads
  A guardian serpent (shapeshifter) (Vaults:4)
  2 unseen horrors
  2 torpor snails (Lair:5)
  A freezing wraith (Vaults:3)
  3 kobold demonologists
  A tengu conjurer (D:15)
  5 rime drakes
  17 komodo dragons
  27 yaktaurs
  2 ice devils (Orc:2)
  9 meliai
  A queen bee (Lair:3)
  3 polar bears
  4 bloated husks
  5 trolls
  8 hornets
  Prince Ribbit (D:6)
  9 dream sheep
  A tarantella (shapeshifter) (D:15)
  8 blink frogs
  9 tyrant leeches
  Sigmund (D:5)
  23 slime creatures
  A centaur simulacrum (D:15)
  54 yaks
  A vampire (D:13)
  2 hogs (Snake:3)
  8 wyverns
  3 wraiths
  7 spriggans
  4 fire elementals
  6 basilisks
  A human (Snake:2)
  A redback simulacrum (D:15)
  Grum (D:9)
  A steam dragon (D:7)
  6 redbacks
  10 vampire mosquitoes
  15 swamp worms
  3 acid dragons
  4 wargs
  14 nagas
  19 water moccasins
  3 hell hounds (Snake:3)
  A water moccasin (shapeshifter) (D:13)
  7 swamp drakes
  A black bear (shapeshifter) (D:14)
  9 ice beasts
  A sky beast (D:8)
  2 black bears (Lair:3)
  24 orc warriors
  15 wolves
  A boggart (D:14)
  14 ogres
  A centaur (shapeshifter) (Vaults:2)
  12 centaurs
  A lemure (D:7)
  5 kobold brigands
  14 bullfrogs
  A scorpion (D:6)
  3 gnoll sergeants
  8 wights
  33 killer bees
  3 howler monkeys
  2 electric eels
  19 orc priests
  3 hounds
  2 jellies (D:6)
  8 iguanas
  25 orc wizards
  A boggart skeleton (D:15)
  20 gnolls
  4 adders
  2 ufetubi
  2 worms
  47 orcs
  5 bats
  12 endoplasms
  A giant cockroach (D:2)
  11 goblins
  10 hobgoblins
  9 jackals
  13 kobolds
  7 quokkas
  5 ball pythons
  7 frilled lizards
  8 rats
1086 creatures vanquished.

Vanquished Creatures (others)
  28 foxfires
28 creatures vanquished.

Grand Total: 1114 creatures vanquished

Notes
Turn   | Place    | Note
-------+----------+-------------------------------------------
     0 | D:1      | qw the Minotaur Hunter began the quest for the Orb.
     0 | D:1      | Reached XP level 1. HP: 18/18 MP: 0/0
     0 | D:1      | 0 ||| qw: Version: 0.2-a-121-gba3a3e5
     0 | D:1      | 0 ||| qw: Game counter: 3235
     0 | D:1      | 0 ||| qw: Always use a shield: true
     0 | D:1      | 0 ||| qw: God list: Okawaru
     0 | D:1      | 0 ||| qw: Allow faded altars: false
     0 | D:1      | 0 ||| qw: Do Orc after D:15 true
     0 | D:1      | 0 ||| qw: Do second Lair branch before Depths: true
     0 | D:1      | 0 ||| qw: Lair rune preference: random
     0 | D:1      | 0 ||| qw: Plans: Normal
     0 | D:1      | 0 ||| PLANNING D:1-11
   108 | D:1      | Reached XP level 2. HP: 25/25 MP: 1/1
   681 | D:1      | 681 ||| UPGRADING to +0 pair of gloves.
   686 | D:1      | 686 ||| DROPPING scroll of butterflies.
   733 | D:2      | Reached skill level 3 in Fighting
   832 | D:2      | Reached XP level 3. HP: 22/31 MP: 2/2
   834 | D:2      | 834 ||| FLEEEEING.
   835 | D:2      | 835 ||| FLEEEEING.
   836 | D:2      | 836 ||| FLEEEEING.
   837 | D:2      | 837 ||| FLEEEEING.
   838 | D:2      | 838 ||| FLEEEEING.
   839 | D:2      | 839 ||| FLEEEEING.
   840 | D:2      | 840 ||| FLEEEEING.
   841 | D:2      | 841 ||| FLEEEEING.
   842 | D:2      | 842 ||| FLEEEEING.
   843 | D:2      | 843 ||| FLEEEEING.
   844 | D:2      | 844 ||| FLEEEEING.
   845 | D:2      | 845 ||| FLEEEEING.
   846 | D:2      | 846 ||| FLEEEEING.
   847 | D:2      | 847 ||| FLEEEEING.
   848 | D:2      | 848 ||| FLEEEEING.
   849 | D:2      | 849 ||| FLEEEEING.
   850 | D:2      | 850 ||| FLEEEEING.
   851 | D:2      | 851 ||| FLEEEEING.
   852 | D:2      | 852 ||| FLEEEEING.
  1348 | D:2      | Reached XP level 4. HP: 25/38 MP: 3/3
  1489 | D:2      | 1489 ||| UPGRADING to +1 hat.
  1494 | D:2      | 1494 ||| READING scroll labelled AFEFUCL ZOWU.
  1499 | D:2      | 1499 ||| READING scroll labelled HANWOBY JOHA.
  1500 | D:2      | 1500 ||| READING scroll labelled MIGUAXISIE.
  1501 | D:2      | 1501 ||| READING scroll labelled WARCHADGHO NIMO.
  1502 | D:2      | 1502 ||| READING scroll labelled XOXKEA UBLYH.
  1503 | D:2      | 1503 ||| DRINKING 2 fizzy emerald potions.
  1511 | D:3      | 1511 ||| STAIRDANCE
  1518 | D:2      | Reached skill level 6 in Ranged Weapons
  1617 | D:3      | Reached XP level 5. HP: 45/45 MP: 4/4
  1651 | D:3      | Reached skill level 4 in Fighting
  2260 | D:3      | 2260 ||| UPGRADING to +0 ring mail.
  2270 | D:3      | 2270 ||| DROPPING +0 leather armour.
  2271 | D:3      | 2271 ||| UPGRADING to +1 pair of gloves.
  2281 | D:3      | 2281 ||| DROPPING +0 pair of gloves.
  2282 | D:3      | 2282 ||| UPGRADING to amulet of regeneration.
  2287 | D:3      | 2287 ||| READING scroll labelled VAOHUA NIFOLA.
  2288 | D:3      | 2288 ||| READING 2 scrolls labelled QEMAIF DUUCO.
  2289 | D:3      | 2289 ||| READING scroll labelled SESTRE FYCALUSK.
  2390 | D:3      | 2390 ||| DRINKING 2 orange potions.
  2446 | D:4      | Noticed an ogre
  2455 | D:4      | Killed an ogre
  2456 | D:4      | Reached XP level 6. HP: 38/52 MP: 5/5
  2648 | D:4      | Found a staircase to the Ecumenical Temple.
  2649 | D:4      | 2649 ||| PLANNING TEMPLE
  2649 | D:4      | 2649 ||| DRINKING 2 ruby potions.
  2650 | D:4      | 2650 ||| DRINKING 2 black potions.
  2651 | D:4      | 2651 ||| DROPPING potion of attraction.
  2652 | D:4      | 2652 ||| DROPPING potion of enlightenment.
  2661 | Temple   | Entered the Ecumenical Temple
  2661 | Temple   | Found a transporter.
  2661 | Temple   | Found a transporter.
  2663 | Temple   | Found a transporter.
  2663 | Temple   | Found a transporter.
  2673 | Temple   | 2673 ||| PLANNING D:1-11
  2688 | Temple   | 2688 ||| PLANNING OKAWARU WORSHIP
  2694 | Temple   | Became a worshipper of Warmaster Okawaru
  2694 | Temple   | 2694 ||| PLANNING D:1-11
  2939 | D:4      | Found a white marble altar of Elyvilon.
  2968 | D:4      | Reached skill level 5 in Fighting
  2968 | D:4      | Reached XP level 7. HP: 61/61 MP: 6/6
  2973 | D:4      | Found Oruacrin's Assorted Antiques.
  2974 | D:4      | Found Erralaxt's Armour Shop.
  2974 | D:4      | Found Ufif's Antique Armour Shop.
  2987 | D:4      | 2987 ||| BUYING +0 pair of boots of stealth (138 gold).
  2987 | D:4      | Bought a +0 pair of boots of stealth for 138 gold pieces
  2987 | D:4      | 2987 ||| SHOPLISTING +2 leather armour of poison resistance
                  | (192 gold, have 34).
  2987 | D:4      | 2987 ||| SHOPLISTING +3 leather armour of cold resistance
                  | (288 gold, have 34).
  2987 | D:4      | 2987 ||| SHOPLISTING +3 ring mail of willpower (312 gold,
                  | have 34).
  2988 | D:4      | Found Elolul's Antique Weapon Shop.
  2990 | D:4      | 2990 ||| SHOPLISTING cloak (117 gold, have 34).
  2990 | D:4      | 2990 ||| SHOPLISTING dyed leather armour (130 gold, have
                  | 34).
  2990 | D:4      | 2990 ||| SHOPLISTING embroidered cloak (195 gold, have 34).
  2990 | D:4      | 2990 ||| SHOPLISTING troll leather armour (390 gold, have
                  | 34).
  2996 | D:4      | 2996 ||| BUYING cyan potion (15 gold).
  2996 | D:4      | Bought a cyan potion for 15 gold pieces
  2996 | D:4      | 2996 ||| BUYING scroll labelled RYPNAM GOCIPP (17 gold).
  2996 | D:4      | Bought a scroll labelled RYPNAM GOCIPP for 17 gold pieces
  2996 | D:4      | 2996 ||| SHOPLISTING scroll labelled XYUZIT TUSKI (17 gold,
                  | have 2).
  2996 | D:4      | 2996 ||| SHOPLISTING sedimented clear potion (15 gold, have
                  | 2).
  3214 | D:4      | Found a runed translucent door.
  3215 | D:4      | Noticed Crazy Yiuf
  3526 | D:4      | 3526 ||| UPGRADING to +0 pair of boots of stealth.
  3531 | D:4      | 3531 ||| READING scroll labelled RYPNAM GOCIPP.
  3532 | D:4      | 3532 ||| DRINKING 2 glowing emerald potions.
  3532 | D:4      | Gained mutation: You have supernaturally acute eyesight.
                  | (SInv) [potion of mutation]
  3533 | D:4      | 3533 ||| DRINKING 2 lumpy purple potions.
  3534 | D:4      | 3534 ||| DRINKING 2 cyan potions.
  3535 | D:4      | 3535 ||| DROPPING potion of degeneration.
  3565 | D:5      | Entered Level 5 of the Dungeon
  3755 | D:5      | Reached skill level 9 in Ranged Weapons
  3790 | D:5      | HP: 12/61 [centaur/arrow (6)]
  3791 | D:5      | 3791 ||| DRINKING potion of heal wounds.
  3799 | D:5      | Reached * piety under Okawaru
  3823 | D:5      | 3823 ||| SWAPPING to +0 orcbow.
  3824 | D:5      | 3824 ||| DROPPING +0 shortbow of draining.
  3882 | D:5      | 3882 ||| INVOKING Heroism.
  3887 | D:5      | Reached skill level 3 in Dodging
  3887 | D:5      | Reached skill level 1 in Invocations
  3921 | D:5      | Reached XP level 8. HP: 70/70 MP: 8/8
  3928 | D:5      | 3928 ||| INVOKING Heroism.
  3934 | D:5      | Reached skill level 6 in Fighting
  3956 | D:5      | Noticed Sigmund
  3957 | D:5      | 3957 ||| INVOKING Heroism.
  3963 | D:5      | Killed Sigmund
  4216 | D:5      | 4216 ||| INVOKING Heroism.
  4237 | D:5      | 4237 ||| INVOKING Heroism.
  4293 | D:5      | 4293 ||| READING scroll of brand weapon.
  4293 | D:5      | 4293 ||| BRANDING +0 orcbow.
  4332 | D:5      | 4332 ||| READING scroll labelled IVUS YRIKEYG.
  4333 | D:5      | 4333 ||| READING scroll labelled TITRALUODD.
  4334 | D:5      | 4334 ||| READING 2 scrolls of identify.
  4334 | D:5      | 4334 ||| IDENTIFYING sapphire potion
  4339 | D:5      | 4339 ||| STAIRDANCE
  4364 | D:5      | 4364 ||| STAIRDANCE
  4492 | D:6      | Reached skill level 3 in Armour
  4500 | D:6      | Reached skill level 3 in Invocations
  4531 | D:6      | Noticed Prince Ribbit
  4532 | D:6      | 4532 ||| INVOKING Heroism.
  4533 | D:6      | 4533 ||| Stepping ~*~*~tactically~*~*~ (outnumbered).
  4551 | D:6      | 4551 ||| INVOKING Heroism.
  4552 | D:6      | Killed Prince Ribbit
  4553 | D:6      | Reached skill level 7 in Fighting
  4633 | D:6      | 4633 ||| INVOKING Heroism.
  4689 | D:6      | Reached XP level 9. HP: 79/79 MP: 10/10
  4743 | D:6      | 4743 ||| Stepping ~*~*~tactically~*~*~ (outnumbered).
  4917 | D:6      | 4917 ||| INVOKING Heroism.
  4938 | D:6      | 4938 ||| READING scroll labelled XYUZIT TUSKI.
  4939 | D:6      | 4939 ||| READING scroll labelled IBREESTRIGU.
  5068 | D:7      | 5068 ||| INVOKING Heroism.
  5250 | D:7      | Noticed Pikel
  5250 | D:7      | 5250 ||| INVOKING Heroism.
  5257 | D:7      | Killed Pikel
  5287 | D:7      | Found Efrona Qaru's Fire Supplies.
  5289 | D:7      | 5289 ||| INVOKING Heroism.
  5326 | D:7      | 5326 ||| SHOPLISTING +2 cloak of fire resistance (258 gold,
                  | have 73).
  5326 | D:7      | 5326 ||| SHOPLISTING +2 leather armour of fire resistance
                  | (228 gold, have 73).
  5326 | D:7      | 5326 ||| SHOPLISTING +4 ring mail of fire resistance (372
                  | gold, have 73).
  5326 | D:7      | 5326 ||| SHOPLISTING ring of protection from fire (300
                  | gold, have 73).
  5474 | D:7      | Reached skill level 12 in Ranged Weapons
  5474 | D:7      | 5474 ||| INVOKING Heroism.
  5519 | D:7      | Reached ** piety under Okawaru
  5520 | D:7      | Reached skill level 8 in Fighting
  5712 | D:7      | 5712 ||| READING 2 scrolls labelled ILLU HYSUMMYO.
  5713 | D:7      | 5713 ||| DRINKING 2 viscous golden potions.
  5714 | D:7      | 5714 ||| DRINKING 2 glowing green potions.
  5715 | D:7      | 5715 ||| DRINKING potion of curing.
  5715 | D:7      | 5715 ||| (to cure confusion)
  5716 | D:7      | 5716 ||| READING 3 scrolls of identify.
  5716 | D:7      | 5716 ||| IDENTIFYING sedimented clear potion
  5717 | D:7      | 5717 ||| READING 2 scrolls of identify.
  5717 | D:7      | 5717 ||| IDENTIFYING pink potion
  5718 | D:7      | 5718 ||| DROPPING potion of brilliance.
  5719 | D:7      | 5719 ||| DROPPING scroll of poison.
  5720 | D:7      | 5720 ||| DROPPING potion of lignification.
  5721 | D:7      | 5721 ||| DROPPING potion of ambrosia.
  5723 | D:7      | 5723 ||| Stepping ~*~*~tactically~*~*~ (cloud).
  5813 | D:8      | Found Baut's Book Boutique.
  5855 | D:8      | Noticed a two-headed ogre
  5856 | D:8      | 5856 ||| INVOKING Heroism.
  5863 | D:8      | Killed a two-headed ogre
  5864 | D:8      | Reached XP level 10. HP: 88/88 MP: 9/12
  5890 | D:8      | Found a radiant altar of Vehumet.
  5954 | D:8      | Found Nivih's Antique Weapon Emporium.
  5969 | D:8      | 5969 ||| SHOPLISTING glowing orcbow (175 gold, have 134).
  5969 | D:8      | You fall into a shaft and drop 3 floors!
  5987 | D:11     | Reached *** piety under Okawaru
  6060 | D:11     | 6060 ||| UPGRADING to ring of poison resistance.
  6067 | D:10     | Entered Level 10 of the Dungeon
  6075 | D:10     | Noticed a two-headed ogre
  6076 | D:10     | 6076 ||| INVOKING Heroism.
  6091 | D:10     | HP: 12/90 [two-headed ogre/+0 giant spiked club (14)]
  6092 | D:10     | 6092 ||| READING scroll of teleportation.
  6093 | D:10     | 6093 ||| DRINKING potion of heal wounds.
  6098 | D:10     | Killed a two-headed ogre
  6099 | D:10     | Reached skill level 9 in Fighting
  6104 | D:10     | 6104 ||| INVOKING Heroism.
  6237 | D:10     | Noticed a two-headed ogre
  6238 | D:10     | 6238 ||| INVOKING Heroism.
  6250 | D:10     | Killed a two-headed ogre
  6250 | D:10     | Reached **** piety under Okawaru
  6251 | D:10     | Reached skill level 6 in Dodging
  6316 | D:10     | 6316 ||| UPGRADING to +0 ring mail of positive energy.
  6326 | D:10     | 6326 ||| DROPPING +0 ring mail.
  6327 | D:10     | 6327 ||| READING 3 scrolls of identify.
  6327 | D:10     | 6327 ||| IDENTIFYING fuming orange potion
  6363 | D:9      | Noticed a two-headed ogre
  6364 | D:9      | 6364 ||| INVOKING Heroism.
  6369 | D:9      | Killed a two-headed ogre
  6589 | D:9      | Identified the ring "Raimmiemn" {rF+ Will+}
  6601 | D:9      | Reached XP level 11. HP: 99/99 MP: 13/13
  6634 | D:9      | 6634 ||| READING scroll of enchant armour.
  6634 | D:9      | 6634 ||| ENCHANTING +1 pair of gloves.
  6647 | D:9      | Found a staircase to the Orcish Mines.
  6670 | D:9      | 6670 ||| INVOKING Heroism.
  6671 | D:9      | 6671 ||| Stepping ~*~*~tactically~*~*~ (outnumbered).
  6720 | D:9      | 6720 ||| INVOKING Heroism.
  6811 | D:9      | Noticed Grum
  6812 | D:9      | 6812 ||| INVOKING Heroism.
  6827 | D:9      | Killed Grum
  6855 | D:9      | Found a hide-covered altar of Uskayaw.
  6878 | D:9      | 6878 ||| UPGRADING to ring "Raimmiemn" {rF+ Will+}.
  7032 | D:8      | Received a gift from Okawaru
  7033 | D:8      | Reached skill level 6 in Invocations
  7920 | D:8      | 7920 ||| UPGRADING to +0 cloak.
  7995 | D:9      | 7995 ||| INVOKING Heroism.
  8228 | D:10     | Found an ancient bone altar of Kikubaaqudgha.
  8290 | D:10     | 8290 ||| INVOKING Heroism.
  8424 | D:10     | Found a staircase to the Lair.
  8438 | D:10     | Reached skill level 10 in Fighting
  8439 | D:10     | 8439 ||| INVOKING Heroism.
  8478 | D:10     | 8478 ||| FLEEEEING.
  8484 | D:10     | 8484 ||| FLEEEEING.
  8485 | D:10     | 8485 ||| FLEEEEING.
  8486 | D:10     | 8486 ||| FLEEEEING.
  8487 | D:10     | 8487 ||| FLEEEEING.
  8488 | D:10     | 8488 ||| FLEEEEING.
  8491 | D:10     | 8491 ||| FLEEEEING.
  8492 | D:10     | 8492 ||| FLEEEEING.
  8493 | D:10     | 8493 ||| FLEEEEING.
  8494 | D:10     | 8494 ||| FLEEEEING.
  8521 | D:10     | 8521 ||| INVOKING Heroism.
  8772 | D:10     | 8772 ||| INVOKING Heroism.
  8801 | D:10     | Found a basalt altar of Yredelemnul.
  9253 | D:10     | 9253 ||| INVOKING Heroism.
  9315 | D:10     | 9315 ||| PLANNING LAIR
  9380 | Lair:1   | Entered Level 1 of the Lair of Beasts
  9470 | Lair:1   | 9470 ||| INVOKING Heroism.
  9496 | Lair:1   | Reached skill level 15 in Ranged Weapons
  9501 | Lair:1   | Reached ***** piety under Okawaru
  9509 | Lair:1   | Reached skill level 6 in Armour
  9581 | Lair:1   | 9581 ||| INVOKING Heroism.
  9633 | Lair:1   | 9633 ||| INVOKING Heroism.
  9661 | Lair:1   | Noticed Fannar
  9675 | Lair:1   | 9675 ||| INVOKING Heroism.
  9677 | Lair:1   | Killed Fannar
  9711 | Lair:1   | Reached XP level 12. HP: 106/106 MP: 17/17
  9799 | Lair:1   | 9799 ||| INVOKING Heroism.
  9879 | Lair:1   | 9879 ||| INVOKING Heroism.
  9881 | Lair:1   | Reached skill level 9 in Invocations
  9925 | Lair:1   | 9925 ||| READING scroll of brand weapon.
  9925 | Lair:1   | 9925 ||| BRANDING +1 orcbow of flaming.
 10106 | Lair:1   | Noticed Harold
 10107 | Lair:1   | 10107 ||| INVOKING Heroism.
 10122 | Lair:1   | Killed Harold
 10360 | Lair:1   | 10360 ||| UPGRADING to +2 robe of cold resistance.
 10370 | Lair:1   | 10370 ||| READING scroll labelled QYGIUGEOMA.
 10415 | Lair:2   | 10415 ||| READING scroll of enchant armour.
 10415 | Lair:2   | 10415 ||| ENCHANTING +1 hat.
 10572 | Lair:2   | 10572 ||| INVOKING Heroism.
 10623 | Lair:2   | 10623 ||| Stepping ~*~*~tactically~*~*~ (outnumbered).
 10625 | Lair:2   | 10625 ||| Stepping ~*~*~tactically~*~*~ (outnumbered).
 10632 | Lair:2   | 10632 ||| INVOKING Heroism.
 10717 | Lair:2   | Found a staircase to the Snake Pit.
 10756 | Lair:2   | Found a large runed translucent door.
 10757 | Lair:2   | Found a large runed translucent door.
 10761 | Lair:2   | Noticed qw's ghost (journeyman MiHu)
 10761 | Lair:2   | Found the +3 salamander hide armour {Flames, rFlCloud rF++
                  | rC--}
 10775 | Lair:2   | Found a staircase to the Swamp.
 10778 | Lair:2   | 10778 ||| Stepping ~*~*~tactically~*~*~ (outnumbered).
 10957 | Lair:2   | Reached skill level 9 in Dodging
 11250 | Lair:2   | 11250 ||| DROPPING +0 ring mail of positive energy.
 11251 | Lair:2   | 11251 ||| READING 9 scrolls of identify.
 11251 | Lair:2   | 11251 ||| IDENTIFYING brown potion
 11252 | Lair:2   | 11252 ||| DROPPING potion of invisibility.
 11278 | Lair:3   | Received a gift from Okawaru
 11371 | Lair:3   | 11371 ||| INVOKING Heroism.
 11391 | Lair:3   | Noticed a four-headed hydra
 11392 | Lair:3   | 11392 ||| INVOKING Finesse.
 11397 | Lair:3   | Killed a four-headed hydra
 11398 | Lair:3   | Reached skill level 11 in Fighting
 11427 | Lair:3   | Reached skill level 12 in Fighting
 11482 | Lair:3   | 11482 ||| INVOKING Heroism.
 11556 | Lair:3   | Identified the +8 battleaxe "Alost" {freeze, rPois}
 11617 | Lair:3   | Reached XP level 13. HP: 118/118 MP: 19/19
 11635 | Lair:3   | 11635 ||| INVOKING Heroism.
 11709 | Lair:3   | 11709 ||| INVOKING Heroism.
 11943 | Lair:3   | 11943 ||| INVOKING Heroism.
 11961 | Lair:3   | Reached skill level 13 in Fighting
 11966 | Lair:3   | 11966 ||| INVOKING Finesse.
 12215 | Lair:3   | 12215 ||| DROPPING scarf of harm.
 12270 | Lair:4   | 12270 ||| INVOKING Heroism.
 12271 | Lair:4   | 12271 ||| INVOKING Finesse.
 12272 | Lair:4   | 12272 ||| INVOKING Finesse.
 12347 | Lair:4   | 12347 ||| INVOKING Heroism.
 12388 | Lair:4   | Identified the scarf "Yssiamun" {repulsion, rC- Str+2 SInv}
                  | (Okawaru gifted it to you on level 4 of the Lair of Beasts)
 12388 | Lair:4   | Received a gift from Okawaru
 12397 | Lair:4   | 12397 ||| INVOKING Heroism.
 12494 | Lair:4   | 12494 ||| UPGRADING to scarf "Yssiamun" {repulsion, rC-
                  | Str+2 SInv}.
 12504 | Lair:4   | 12504 ||| Stepping ~*~*~tactically~*~*~ (water).
 12509 | Lair:4   | Reached skill level 14 in Fighting
 12583 | Lair:4   | 12583 ||| INVOKING Heroism.
 12682 | Lair:4   | 12682 ||| INVOKING Heroism.
 12741 | Lair:4   | 12741 ||| INVOKING Heroism.
 12755 | Lair:4   | Reached skill level 12 in Dodging
 12755 | Lair:4   | 12755 ||| INVOKING Heroism.
 12824 | Lair:4   | Identified the +0 robe "Roasaor" {rPois rC++ Stlth-}
 12826 | Lair:4   | 12826 ||| UPGRADING to +0 robe "Roasaor" {rPois rC++
                  | Stlth-}.
 12836 | Lair:4   | 12836 ||| REMOVING ring of poison resistance.
 12928 | Lair:4   | Found a staircase to the Slime Pits.
 13041 | Lair:4   | 13041 ||| UPGRADING to +4 ring of protection.
 13042 | Lair:4   | 13042 ||| DROPPING ring of ice.
 13067 | Lair:5   | Entered Level 5 of the Lair of Beasts
 13068 | Lair:5   | 13068 ||| INVOKING Heroism.
 13108 | Lair:5   | 13108 ||| INVOKING Heroism.
 13168 | Lair:5   | 13168 ||| READING 2 scrolls of enchant armour.
 13168 | Lair:5   | 13168 ||| ENCHANTING +0 pair of boots of stealth.
 13169 | Lair:5   | 13169 ||| READING scroll of enchant armour.
 13169 | Lair:5   | 13169 ||| ENCHANTING +1 pair of boots of stealth.
 13211 | Lair:5   | Reached skill level 15 in Fighting
 13248 | Lair:5   | 13248 ||| INVOKING Heroism.
 13347 | Lair:5   | Noticed Rupert
 13348 | Lair:5   | 13348 ||| INVOKING Heroism.
 13360 | Lair:5   | 13360 ||| DRINKING 2 potions of curing.
 13360 | Lair:5   | 13360 ||| (to cure confusion)
 13364 | Lair:5   | 13364 ||| INVOKING Heroism.
 13367 | Lair:5   | Killed Rupert
 13368 | Lair:5   | Reached XP level 14. HP: 102/136 MP: 17/20
 13441 | Lair:5   | 13441 ||| INVOKING Heroism.
 13453 | Lair:5   | Reached skill level 16 in Fighting
 13467 | Lair:5   | 13467 ||| INVOKING Heroism.
 13576 | Lair:5   | 13576 ||| INVOKING Heroism.
 13578 | Lair:5   | 13578 ||| Stepping ~*~*~tactically~*~*~ (cloud).
 13624 | Lair:5   | 13624 ||| INVOKING Heroism.
 13690 | Lair:5   | 13690 ||| INVOKING Heroism.
 13696 | Lair:5   | 13696 ||| Stepping ~*~*~tactically~*~*~ (cloud).
 13967 | Lair:5   | Reached skill level 17 in Fighting
 14288 | Lair:5   | 14288 ||| PLANNING D:1-11
 14288 | Lair:5   | 14288 ||| DROPPING ring of flight.
 14289 | Lair:5   | 14289 ||| READING scroll labelled ECUIMISSUAD.
 14583 | D:11     | 14583 ||| Stepping ~*~*~tactically~*~*~ (outnumbered).
 14894 | D:11     | 14894 ||| PLANNING D
 15158 | D:12     | Received a gift from Okawaru
 15160 | D:12     | 15160 ||| INVOKING Heroism.
 15161 | D:12     | 15161 ||| INVOKING Finesse.
 15310 | D:12     | 15310 ||| INVOKING Heroism.
 15356 | D:12     | 15356 ||| PLANNING D
 15358 | D:12     | 15358 ||| INVOKING Heroism.
 15549 | D:12     | 15549 ||| DROPPING +0 cloak.
 15550 | D:12     | 15550 ||| READING 13 scrolls of identify.
 15550 | D:12     | 15550 ||| IDENTIFYING grey potion
 15606 | D:13     | 15606 ||| INVOKING Heroism.
 15758 | D:13     | 15758 ||| INVOKING Heroism.
 15765 | D:13     | Reached skill level 18 in Fighting
 15896 | D:13     | 15896 ||| READING scroll of enchant weapon.
 15896 | D:13     | 15896 ||| ENCHANTING +1 heavy orcbow.
 16037 | D:13     | Found a blossoming altar of Fedhas.
 16216 | D:14     | 16216 ||| INVOKING Heroism.
 16242 | D:14     | HP: 30/143 [meliai/divine providence (11)]
 16243 | D:14     | 16243 ||| READING 6 scrolls of teleportation.
 16244 | D:14     | 16244 ||| DRINKING 3 potions of heal wounds.
 16384 | D:14     | 16384 ||| INVOKING Heroism.
 16454 | D:14     | 16454 ||| INVOKING Heroism.
 16532 | D:14     | 16532 ||| INVOKING Heroism.
 16580 | D:14     | Noticed Roxanne
 16581 | D:14     | 16581 ||| INVOKING Heroism.
 16591 | D:14     | Killed Roxanne
 16592 | D:14     | Reached XP level 15. HP: 149/149 MP: 21/21
 16618 | D:14     | Reached skill level 15 in Dodging
 16637 | D:14     | 16637 ||| INVOKING Heroism.
 16789 | D:14     | Found an ornate altar of the Wu Jian Council.
 16874 | D:14     | Found a gate to the Vaults.
 17053 | D:14     | 17053 ||| DROPPING amulet of magic regeneration.
 17071 | D:15     | Entered Level 15 of the Dungeon
 17090 | D:15     | 17090 ||| SWAPPING to +0 hand crossbow of flaming.
 17091 | D:15     | 17091 ||| DROPPING +2 heavy orcbow.
 17111 | D:15     | Noticed a tentacled monstrosity
 17116 | D:15     | Found a transporter.
 17129 | D:15     | Found a transporter.
 17129 | D:15     | Found a one-way gate to the infinite horrors of the Abyss.
 17129 | D:15     | Noticed Gosau's ghost (journeyman DsGl)
 17143 | D:15     | 17143 ||| INVOKING Heroism.
 17161 | D:15     | HP: 37/149 [two-headed ogre/+0 giant spiked club (11)]
 17162 | D:15     | 17162 ||| READING 5 scrolls of teleportation.
 17162 | D:15     | HP: 16/149 [two-headed ogre/+0 giant spiked club (11)]
 17163 | D:15     | 17163 ||| DRINKING 2 potions of heal wounds.
 17184 | D:15     | 17184 ||| INVOKING Heroism.
 17186 | D:15     | HP: 37/149 [cyan ugly thing (13)]
 17187 | D:15     | 17187 ||| READING 4 scrolls of teleportation.
 17209 | D:15     | 17209 ||| INVOKING Heroism.
 17241 | D:15     | 17241 ||| INVOKING Heroism.
 17337 | D:15     | Identified the ring of Nutus {Wiz rC- rN+++ Str+7 Dex-5}
 17438 | D:15     | 17438 ||| INVOKING Heroism.
 17440 | D:15     | 17440 ||| Stepping ~*~*~tactically~*~*~ (outnumbered).
 17444 | D:15     | 17444 ||| Stepping ~*~*~tactically~*~*~ (outnumbered).
 17467 | D:15     | Found a staircase to the Depths.
 17654 | D:15     | 17654 ||| PLANNING ORC
 17654 | D:15     | 17654 ||| DROPPING ring of Nutus {Wiz rC- rN+++ Str+7
                  | Dex-5}.
 17816 | Orc:1    | Entered Level 1 of the Orcish Mines
 17889 | Orc:2    | Entered Level 2 of the Orcish Mines
 18115 | Orc:2    | Found a staircase to the Elven Halls.
 18148 | Orc:2    | 18148 ||| INVOKING Heroism.
 18176 | Orc:2    | 18176 ||| INVOKING Heroism.
 18225 | Orc:2    | Noticed Nergalle
 18226 | Orc:2    | 18226 ||| INVOKING Heroism.
 18233 | Orc:2    | Killed Nergalle
 18308 | Orc:2    | Found Bare's General Store.
 18319 | Orc:2    | 18319 ||| BUYING +4 ring of protection (612 gold).
 18319 | Orc:2    | Bought a +4 ring of protection for 612 gold pieces
 18319 | Orc:2    | 18319 ||| BUYING scroll of enchant armour (127 gold).
 18319 | Orc:2    | Bought a scroll of enchant armour for 127 gold pieces
 18447 | Orc:2    | Reached skill level 18 in Ranged Weapons
 18550 | Orc:2    | Found a frozen archway.
 18563 | Orc:2    | 18563 ||| DROPPING ring of protection from cold.
 18751 | Orc:1    | Found a shimmering blue altar of Sif Muna.
 18851 | Orc:1    | 18851 ||| DROPPING +2 robe of cold resistance.
 18852 | Orc:1    | 18852 ||| DROPPING +0 robe of fire resistance.
 18883 | Orc:2    | Found Axuabem's Book Shoppe.
 18898 | Orc:2    | Found Ureattuo's Antique Armour Shop.
 18943 | Orc:2    | Found Ellugonu's Antique Weapon Shoppe.
 18955 | Orc:2    | Found Dimmod Jiqu's Antique Armour Shoppe.
 18964 | Orc:2    | 18964 ||| BUYING embroidered robe (103 gold).
 18964 | Orc:2    | Bought an embroidered robe for 103 gold pieces
 18964 | Orc:2    | 18964 ||| BUYING glowing ring mail (196 gold).
 18964 | Orc:2    | Bought a glowing ring mail for 196 gold pieces
 19161 | Orc:2    | 19161 ||| PLANNING SWAMP:1-3
 19161 | Orc:2    | 19161 ||| DROPPING +2 robe of cold resistance.
 19334 | Swamp:1  | Entered Level 1 of the Swamp
 19385 | Swamp:1  | 19385 ||| INVOKING Heroism.
 19390 | Swamp:1  | Received a gift from Okawaru
 19499 | Swamp:1  | Identified the +0 ring mail of the Zebra {Harm rPois Str-3
                  | Int+3}
 19532 | Swamp:1  | 19532 ||| Stepping ~*~*~tactically~*~*~ (water).
 19547 | Swamp:1  | 19547 ||| FLEEEEING.
 19891 | Swamp:1  | 19891 ||| DROPPING +0 ring mail of the Zebra {Harm rPois
                  | Str-3 Int+3}.
 19931 | Swamp:2  | 19931 ||| INVOKING Heroism.
 19932 | Swamp:2  | 19932 ||| Stepping ~*~*~tactically~*~*~ (water).
 19989 | Swamp:2  | Found a runed translucent gate.
 19989 | Swamp:2  | Found a runed translucent gate.
 19989 | Swamp:2  | Found a runed translucent gate.
 19994 | Swamp:2  | Noticed qw's ghost (adept GrFi)
 20058 | Swamp:2  | 20058 ||| INVOKING Heroism.
 20100 | Swamp:2  | 20100 ||| INVOKING Heroism.
 20118 | Swamp:2  | Reached skill level 19 in Fighting
 20171 | Swamp:2  | 20171 ||| INVOKING Heroism.
 20238 | Swamp:2  | 20238 ||| INVOKING Heroism.
 20243 | Swamp:2  | Reached XP level 16. HP: 160/160 MP: 19/22
 20274 | Swamp:2  | 20274 ||| Stepping ~*~*~tactically~*~*~ (water).
 20285 | Swamp:2  | 20285 ||| Stepping ~*~*~tactically~*~*~ (water).
 20510 | Swamp:3  | 20510 ||| INVOKING Heroism.
 20633 | Swamp:3  | 20633 ||| INVOKING Heroism.
 20707 | Swamp:3  | 20707 ||| INVOKING Heroism.
 20845 | Swamp:3  | 20845 ||| INVOKING Heroism.
 20891 | Swamp:3  | 20891 ||| Stepping ~*~*~tactically~*~*~ (water).
 20900 | Swamp:3  | 20900 ||| INVOKING Heroism.
 20996 | Swamp:3  | 20996 ||| Stepping ~*~*~tactically~*~*~ (water).
 21201 | Swamp:3  | 21201 ||| PLANNING SNAKE:1-3
 21309 | Snake:1  | Entered Level 1 of the Snake Pit
 21381 | Snake:1  | 21381 ||| INVOKING Heroism.
 21454 | Snake:1  | Reached skill level 20 in Fighting
 21455 | Snake:1  | Found a burning altar of Makhleb.
 21712 | Snake:1  | 21712 ||| INVOKING Heroism.
 21713 | Snake:1  | 21713 ||| Stepping ~*~*~tactically~*~*~ (outnumbered).
 21724 | Snake:1  | 21724 ||| Stepping ~*~*~tactically~*~*~ (outnumbered).
 21726 | Snake:1  | 21726 ||| Stepping ~*~*~tactically~*~*~ (outnumbered).
 21728 | Snake:1  | 21728 ||| Stepping ~*~*~tactically~*~*~ (outnumbered).
 21747 | Snake:1  | 21747 ||| Stepping ~*~*~tactically~*~*~ (outnumbered).
 21750 | Snake:1  | 21750 ||| INVOKING Heroism.
 21975 | Snake:2  | 21975 ||| INVOKING Heroism.
 22083 | Snake:2  | 22083 ||| INVOKING Heroism.
 22087 | Snake:2  | Noticed Aizul
 22095 | Snake:2  | Killed Aizul
 22130 | Snake:2  | 22130 ||| FLEEEEING.
 22131 | Snake:2  | 22131 ||| FLEEEEING.
 22136 | Snake:2  | 22136 ||| STAIRDANCE
 22167 | Snake:1  | 22167 ||| READING scroll labelled DALICI HILL.
 22181 | Snake:2  | 22181 ||| Stepping ~*~*~tactically~*~*~ (outnumbered).
 22211 | Snake:2  | 22211 ||| Stepping ~*~*~tactically~*~*~ (outnumbered).
 22213 | Snake:2  | Noticed Donald
 22214 | Snake:2  | Reached skill level 18 in Dodging
 22214 | Snake:2  | 22214 ||| INVOKING Heroism.
 22223 | Snake:2  | Killed Donald
 22442 | Snake:2  | 22442 ||| INVOKING Heroism.
 22592 | Snake:2  | 22592 ||| INVOKING Heroism.
 22593 | Snake:2  | 22593 ||| Stepping ~*~*~tactically~*~*~ (outnumbered).
 22596 | Snake:2  | 22596 ||| Stepping ~*~*~tactically~*~*~ (outnumbered).
 22772 | Snake:2  | 22772 ||| DROPPING +1 pair of boots of stealth.
 22793 | Snake:3  | Noticed Kirke
 22794 | Snake:3  | 22794 ||| INVOKING Heroism.
 22795 | Snake:3  | 22795 ||| INVOKING Finesse.
 22810 | Snake:3  | 22810 ||| STAIRDANCE
 22812 | Snake:2  | 22812 ||| DRINKING 4 potions of cancellation.
 22818 | Snake:2  | Killed Kirke
 22818 | Snake:2  | HP: 25/165 [shock serpent/electric aura (19)]
 22819 | Snake:2  | 22819 ||| READING 4 scrolls of teleportation.
 22820 | Snake:2  | Reached skill level 21 in Fighting
 22820 | Snake:2  | 22820 ||| DRINKING 2 potions of heal wounds.
 22942 | Snake:3  | 22942 ||| Stepping ~*~*~tactically~*~*~ (outnumbered).
 22944 | Snake:3  | 22944 ||| Stepping ~*~*~tactically~*~*~ (outnumbered).
 23050 | Snake:3  | 23050 ||| INVOKING Heroism.
 23053 | Snake:3  | Noticed Vashnia
 23054 | Snake:3  | 23054 ||| INVOKING Finesse.
 23055 | Snake:3  | 23055 ||| Stepping ~*~*~tactically~*~*~ (outnumbered).
 23101 | Snake:3  | 23101 ||| FLEEEEING.
 23107 | Snake:3  | 23107 ||| FLEEEEING.
 23108 | Snake:3  | 23108 ||| INVOKING Heroism.
 23110 | Snake:3  | Killed Vashnia
 23179 | Snake:3  | 23179 ||| SWAPPING to +0 longbow of flaming.
 23180 | Snake:3  | 23180 ||| DROPPING +0 hand crossbow of flaming.
 23199 | Snake:3  | Noticed Azrael
 23200 | Snake:3  | 23200 ||| INVOKING Heroism.
 23201 | Snake:3  | 23201 ||| INVOKING Finesse.
 23211 | Snake:3  | Killed Azrael
 23212 | Snake:3  | Reached XP level 17. HP: 173/173 MP: 16/23
 23441 | Snake:3  | 23441 ||| FLEEEEING.
 23442 | Snake:3  | 23442 ||| FLEEEEING.
 23451 | Snake:3  | 23451 ||| INVOKING Heroism.
 23795 | Snake:3  | 23795 ||| PLANNING SWAMP:4
 23990 | Swamp:4  | Entered Level 4 of the Swamp
 24006 | Swamp:4  | 24006 ||| INVOKING Heroism.
 24113 | Swamp:4  | 24113 ||| INVOKING Heroism.
 24194 | Swamp:4  | 24194 ||| INVOKING Heroism.
 24258 | Swamp:4  | 24258 ||| Stepping ~*~*~tactically~*~*~ (water).
 24271 | Swamp:4  | 24271 ||| INVOKING Heroism.
 24281 | Swamp:4  | 24281 ||| Stepping ~*~*~tactically~*~*~ (water).
 24285 | Swamp:4  | HP: 43/173 [eight-headed hydra (5)]
 24286 | Swamp:4  | 24286 ||| READING 3 scrolls of teleportation.
 24286 | Swamp:4  | HP: 18/173 [eight-headed hydra (4)]
 24287 | Swamp:4  | 24287 ||| DRINKING potion of heal wounds.
 24341 | Swamp:4  | 24341 ||| FLEEEEING.
 24342 | Swamp:4  | 24342 ||| FLEEEEING.
 24345 | Swamp:4  | 24345 ||| FLEEEEING.
 24346 | Swamp:4  | 24346 ||| INVOKING Heroism.
 24425 | Swamp:4  | 24425 ||| INVOKING Heroism.
 24426 | Swamp:4  | 24426 ||| INVOKING Finesse.
 24480 | Swamp:4  | 24480 ||| READING scroll of enchant weapon.
 24480 | Swamp:4  | 24480 ||| ENCHANTING +0 longbow of flaming.
 24492 | Swamp:4  | 24492 ||| Stepping ~*~*~tactically~*~*~ (water).
 24507 | Swamp:4  | 24507 ||| INVOKING Heroism.
 24531 | Swamp:4  | 24531 ||| Stepping ~*~*~tactically~*~*~ (water).
 24601 | Swamp:4  | Got a decaying rune of Zot
 24645 | Swamp:4  | 24645 ||| Stepping ~*~*~tactically~*~*~ (water).
 24652 | Swamp:4  | 24652 ||| INVOKING Heroism.
 24669 | Swamp:4  | 24669 ||| FLEEEEING.
 24670 | Swamp:4  | 24670 ||| FLEEEEING.
 24671 | Swamp:4  | 24671 ||| FLEEEEING.
 24674 | Swamp:4  | 24674 ||| STAIRDANCE
 24790 | Swamp:4  | 24790 ||| INVOKING Heroism.
 24934 | Swamp:4  | 24934 ||| INVOKING Heroism.
 25028 | Swamp:4  | 25028 ||| PLANNING VAULTS:1-4
 25028 | Swamp:4  | 25028 ||| DROPPING +1 pair of gloves.
 25287 | Vaults:1 | Entered Level 1 of the Vaults
 25339 | Vaults:1 | 25339 ||| DRINKING 3 potions of resistance.
 25464 | Vaults:1 | 25464 ||| Stepping ~*~*~tactically~*~*~ (outnumbered).
 25465 | Vaults:1 | 25465 ||| Stepping ~*~*~tactically~*~*~ (outnumbered).
 25511 | Vaults:1 | 25511 ||| Stepping ~*~*~tactically~*~*~ (outnumbered).
 25514 | Vaults:1 | 25514 ||| Stepping ~*~*~tactically~*~*~ (outnumbered).
 25553 | Vaults:1 | 25553 ||| FLEEEEING.
 25608 | Vaults:1 | 25608 ||| FLEEEEING.
 25611 | Vaults:1 | 25611 ||| INVOKING Heroism.
 25635 | Vaults:1 | 25635 ||| INVOKING Heroism.
 25725 | Vaults:1 | 25725 ||| Stepping ~*~*~tactically~*~*~ (outnumbered).
 25741 | Vaults:1 | 25741 ||| INVOKING Heroism.
 25767 | Vaults:1 | Identified the +0 pair of boots of the Crown {rElec}
                  | (Okawaru gifted it to you on level 1 of the Vaults)
 25767 | Vaults:1 | Received a gift from Okawaru
 25772 | Vaults:1 | HP: 35/176 [deep troll[an ironbound preserver] (10)]
 25773 | Vaults:1 | 25773 ||| READING 3 scrolls of teleportation.
 25775 | Vaults:1 | HP: 16/176 [deep troll[an ironbound preserver] (10)]
 25777 | Vaults:1 | Reached skill level 22 in Fighting
 26156 | Vaults:1 | 26156 ||| INVOKING Heroism.
 26158 | Vaults:1 | Reached XP level 18. HP: 129/184 MP: 21/24
 26427 | Vaults:1 | 26427 ||| DRINKING 2 potions of resistance.
 26549 | Vaults:1 | Found a runed translucent gate.
 26549 | Vaults:1 | Found a runed translucent gate.
 26549 | Vaults:1 | Found a runed translucent gate.
 26551 | Vaults:1 | Found an opulent altar of Gozag.
 26551 | Vaults:1 | Found Wuikel's Assorted Antiques.
 26553 | Vaults:1 | Noticed Moagi's ghost (adept GnSk)
 26554 | Vaults:1 | Found Surarghekh's Assorted Antiques.
 26623 | Vaults:1 | 26623 ||| INVOKING Heroism.
 26806 | Vaults:1 | Reached skill level 23 in Fighting
 26873 | Vaults:1 | 26873 ||| INVOKING Heroism.
 26874 | Vaults:1 | 26874 ||| INVOKING Finesse.
 26881 | Vaults:1 | Noticed a lich
 26882 | Vaults:1 | 26882 ||| Stepping ~*~*~tactically~*~*~ (outnumbered).
 26889 | Vaults:1 | Killed a lich
 27122 | Vaults:1 | 27122 ||| UPGRADING to scarf of repulsion.
 27132 | Vaults:1 | 27132 ||| UPGRADING to +0 swamp dragon scales.
 27142 | Vaults:1 | 27142 ||| DROPPING +0 robe "Roasaor" {rPois rC++ Stlth-}.
 27143 | Vaults:1 | 27143 ||| DROPPING +0 pair of boots of the Crown {rElec}.
 27144 | Vaults:1 | 27144 ||| READING 3 scrolls of enchant armour.
 27144 | Vaults:1 | 27144 ||| ENCHANTING +0 swamp dragon scales.
 27145 | Vaults:1 | 27145 ||| READING 2 scrolls of enchant armour.
 27145 | Vaults:1 | 27145 ||| ENCHANTING +1 swamp dragon scales.
 27146 | Vaults:1 | 27146 ||| READING scroll of enchant armour.
 27146 | Vaults:1 | 27146 ||| ENCHANTING +2 swamp dragon scales.
 27147 | Vaults:1 | 27147 ||| DROPPING +0 troll leather armour.
 27272 | Vaults:2 | 27272 ||| DRINKING potion of resistance.
 27450 | Vaults:2 | 27450 ||| INVOKING Heroism.
 27451 | Vaults:2 | 27451 ||| INVOKING Finesse.
 27530 | Vaults:2 | 27530 ||| INVOKING Heroism.
 27532 | Vaults:2 | 27532 ||| INVOKING Finesse.
 27558 | Vaults:2 | Reached skill level 9 in Armour
 27674 | Vaults:2 | 27674 ||| INVOKING Heroism.
 27675 | Vaults:2 | 27675 ||| INVOKING Finesse.
 27862 | Vaults:2 | 27862 ||| Stepping ~*~*~tactically~*~*~ (outnumbered).
 27949 | Vaults:2 | Found Woxiogre's Weapon Shop.
 27983 | Vaults:2 | 27983 ||| Stepping ~*~*~tactically~*~*~ (outnumbered).
 27985 | Vaults:2 | 27985 ||| Stepping ~*~*~tactically~*~*~ (outnumbered).
 27987 | Vaults:2 | 27987 ||| Stepping ~*~*~tactically~*~*~ (outnumbered).
 28407 | Vaults:3 | 28407 ||| PLANNING DESOLATION
 28429 | Vaults:3 | 28429 ||| INVOKING Heroism.
 28430 | Vaults:3 | 28430 ||| INVOKING Finesse.
 28533 | Vaults:3 | 28533 ||| INVOKING Heroism.
 28534 | Vaults:3 | 28534 ||| INVOKING Finesse.
 28537 | Vaults:3 | 28537 ||| Stepping ~*~*~tactically~*~*~ (outnumbered).
 28539 | Vaults:3 | 28539 ||| Stepping ~*~*~tactically~*~*~ (outnumbered).
 28576 | Vaults:3 | Reached skill level 12 in Armour
 28592 | Vaults:3 | 28592 ||| INVOKING Heroism.
 28592 | Vaults:3 | HP: 45/188 [yaktaur/bolt[a vault warden] (14)]
 28593 | Vaults:3 | 28593 ||| READING 2 scrolls of teleportation.
 28594 | Vaults:3 | 28594 ||| DRINKING potion of heal wounds.
 28736 | Vaults:3 | 28736 ||| INVOKING Heroism.
 28737 | Vaults:3 | 28737 ||| INVOKING Finesse.
 28815 | Vaults:3 | 28815 ||| INVOKING Heroism.
 28816 | Vaults:3 | 28816 ||| INVOKING Finesse.
 28964 | Vaults:3 | Identified the +4 sling of the Spider Nest {speed, rN+}
 28994 | Vaults:3 | 28994 ||| INVOKING Heroism.
 29085 | Vaults:3 | 29085 ||| RIP DESOLATION
 29167 | Vaults:3 | 29167 ||| PLANNING VAULTS:1-4
 29175 | Vaults:3 | 29175 ||| INVOKING Heroism.
 29249 | Vaults:3 | 29249 ||| INVOKING Heroism.
 29253 | Vaults:3 | 29253 ||| Stepping ~*~*~tactically~*~*~ (outnumbered).
 29383 | Vaults:3 | 29383 ||| INVOKING Heroism.
 29444 | Vaults:3 | 29444 ||| FLEEEEING.
 29451 | Vaults:3 | 29451 ||| FLEEEEING.
 29452 | Vaults:3 | 29452 ||| FLEEEEING.
 29453 | Vaults:3 | 29453 ||| FLEEEEING.
 29463 | Vaults:3 | 29463 ||| FLEEEEING.
 29464 | Vaults:3 | 29464 ||| FLEEEEING.
 29465 | Vaults:3 | 29465 ||| FLEEEEING.
 29466 | Vaults:3 | 29466 ||| FLEEEEING.
 29467 | Vaults:3 | 29467 ||| FLEEEEING.
 29468 | Vaults:3 | 29468 ||| FLEEEEING.
 29469 | Vaults:3 | 29469 ||| FLEEEEING.
 29470 | Vaults:3 | 29470 ||| FLEEEEING.
 29471 | Vaults:3 | 29471 ||| FLEEEEING.
 29477 | Vaults:3 | 29477 ||| FLEEEEING.
 29478 | Vaults:3 | 29478 ||| FLEEEEING.
 29479 | Vaults:3 | 29479 ||| FLEEEEING.
 29480 | Vaults:3 | 29480 ||| FLEEEEING.
 29481 | Vaults:3 | 29481 ||| FLEEEEING.
 29482 | Vaults:3 | 29482 ||| FLEEEEING.
 29483 | Vaults:3 | 29483 ||| FLEEEEING.
 29484 | Vaults:3 | 29484 ||| FLEEEEING.
 29487 | Vaults:3 | 29487 ||| FLEEEEING.
 29488 | Vaults:3 | 29488 ||| FLEEEEING.
 29489 | Vaults:3 | 29489 ||| FLEEEEING.
 29490 | Vaults:3 | 29490 ||| FLEEEEING.
 29491 | Vaults:3 | 29491 ||| FLEEEEING.
 29492 | Vaults:3 | 29492 ||| FLEEEEING.
 29493 | Vaults:3 | 29493 ||| FLEEEEING.
 29494 | Vaults:3 | 29494 ||| FLEEEEING.
 29495 | Vaults:3 | 29495 ||| FLEEEEING.
 29496 | Vaults:3 | 29496 ||| FLEEEEING.
 29497 | Vaults:3 | 29497 ||| FLEEEEING.
 29498 | Vaults:3 | 29498 ||| FLEEEEING.
 29499 | Vaults:3 | 29499 ||| FLEEEEING.
 29500 | Vaults:3 | 29500 ||| FLEEEEING.
 29501 | Vaults:3 | 29501 ||| FLEEEEING.
 29502 | Vaults:3 | 29502 ||| FLEEEEING.
 29503 | Vaults:3 | 29503 ||| FLEEEEING.
 29504 | Vaults:3 | 29504 ||| FLEEEEING.
 29507 | Vaults:3 | 29507 ||| STAIRDANCE
 29609 | Vaults:2 | 29609 ||| DROPPING ring of willpower.
 29612 | Vaults:3 | 29612 ||| STAIRDANCE
 29716 | Vaults:3 | 29716 ||| STAIRDANCE
 30002 | Vaults:3 | Found a staircase to the Crypt.
 30276 | Vaults:3 | Identified the +1 dagger of the Hierophant {flame, Contam
                  | rPois Str+3 Int+4}
 30286 | Vaults:3 | 30286 ||| INVOKING Finesse.
 30290 | Vaults:3 | 30290 ||| INVOKING Heroism.
 30438 | Vaults:3 | 30438 ||| INVOKING Heroism.
 30641 | Vaults:4 | 30641 ||| Stepping ~*~*~tactically~*~*~ (outnumbered).
 30647 | Vaults:4 | 30647 ||| Stepping ~*~*~tactically~*~*~ (outnumbered).
 30657 | Vaults:4 | Reached XP level 19. HP: 177/195 MP: 25/25
 30710 | Vaults:4 | 30710 ||| FLEEEEING.
 30711 | Vaults:4 | 30711 ||| FLEEEEING.
 30712 | Vaults:4 | 30712 ||| FLEEEEING.
 30778 | Vaults:4 | 30778 ||| INVOKING Heroism.
 30779 | Vaults:4 | 30779 ||| Stepping ~*~*~tactically~*~*~ (outnumbered).
 30785 | Vaults:4 | 30785 ||| Stepping ~*~*~tactically~*~*~ (outnumbered).
 30787 | Vaults:4 | 30787 ||| Stepping ~*~*~tactically~*~*~ (outnumbered).
 30793 | Vaults:4 | Reached skill level 15 in Armour
 30913 | Vaults:4 | Identified the +8 great sword "Minotaur's Death" {holy, Fly
                  | rF+ rC- rN+}
 30933 | Vaults:4 | Found a runed translucent gate.
 30933 | Vaults:4 | Found a runed translucent gate.
 30933 | Vaults:4 | Found a runed translucent gate.
 30964 | Vaults:4 | 30964 ||| INVOKING Heroism.
 30977 | Vaults:4 | 30977 ||| FLEEEEING.
 30978 | Vaults:4 | 30978 ||| FLEEEEING.
 30979 | Vaults:4 | 30979 ||| FLEEEEING.
 30980 | Vaults:4 | 30980 ||| FLEEEEING.
 30981 | Vaults:4 | 30981 ||| FLEEEEING.
 30984 | Vaults:4 | Noticed qw's ghost (adept GrHu)
 30986 | Vaults:4 | 30986 ||| INVOKING Heroism.
 30994 | Vaults:4 | 30994 ||| FLEEEEING.
 30995 | Vaults:4 | 30995 ||| FLEEEEING.
 30995 | Vaults:4 | HP: 32/195 [ironbound thunderhulk/bolt of lightning (52)]
 30996 | Vaults:4 | 30996 ||| FLEEEEING.
 30997 | Vaults:4 | 30997 ||| READING scroll of teleportation.
 31003 | Vaults:4 | HP: 30/195 [deep troll[an ironbound preserver] (11)]
 31006 | Vaults:4 | Slain by an ironbound preserver

Levels and vault maps discovered:
D:1:      nicolae_arrival_washed_ashore, layout_loops_ring,
          minmay_misc_feat_rows
D:2:      layout_loops_ring, amcnicky_mini_corridor_feature
D:3:      layout_basic, minmay_misc_feat_columns, minmay_circle_x
D:4:      layout_loops_corners, nicolae_overflow_hidden_temple,
          minmay_temple_entry_statues_fountains, minmay_shop_grid_forest,
          dk_vineyard_2, minmay_gold_behind_fungi, minmay_misc_feat_pillars,
          uniq_crazy_yiuf_cottage
D:5:      layout_gridville, uniq_sigmund
D:6:      layout_rooms, uniq_prince_ribbit1
D:7:      layout_loops_ring, nicolae_shop_fire_sale [nicolae_sub_dead_trees],
          uniq_pikel
D:8:      layout_layer_cave, fiery_altar_vehumet, serial_shops, shop,
          nicolae_shop_stone
D:9:      layout_long_grid, general_overflow_altar, david_orc_1_choice,
          uniq_grum
D:10:     layout_layer_cave, kennysheep_mini_moat, mainiacjoe_overflow_brackets,
          hellmonk_lair_entry_icy
D:11:     layout_basic, minmay_misc_feat_diagonals
D:12:     layout_small_grid
D:13:     layout_roguey, fedhas_altar_3
D:14:     layout_irregular_city, hangedman_vaults_entry_quadrant_bands,
          pdpol_wu_jian_five_deadly_venoms, grunt_decor_junction, uniq_roxanne
D:15:     grunt_enter_depths_magical_seal, layout_cross,
          gammafunk_ghost_abyssal_escape, chequers_serial_rivers_small_3,
          corexii_hall_statues_deadend
Temple:   hellmonk_temple_divided_pantheon
Lair:1:   layout_roguey, infiniplex_staircase_pool_2, uniq_fannar, uniq_harold
Lair:2:   layout_roguey, minmay_swamp_entry_reptiles,
          minmay_snake_entry_guardpost_small, ebering_ghost_disaster_area
Lair:3:   layout_gridlike, enter_volcano_1, special_room [special_room_bee],
          beast_lair_carwin_5
Lair:4:   layout_roguey, dpeg_slime_entry_enclosed,
          eino_small_chamber_without_monster, lemuel_fruit_fields,
          serial_bayou_shore_a
Lair:5:   hangedman_lair_in_review, layout_gridlike, minivault_25, uniq_rupert
Swamp:1:  layout_falls_marsh, nicolae_swamp_very_dense_foliage, swamp_pool1,
          infiniplex_staircase_pool
Swamp:2:  layout_basic_swamp, gammafunk_ghost_split,
          evilmike_swamp_ruin_house_6, swamp_pool5
Swamp:3:  layout_basic_swamp, nicolae_swamp_triple_paths
Swamp:4:  swamp, layout_basic_swamp
Snake:1:  nicolae_snake_unarmed_stairs_patrol, layout_onion, basic_altar
Snake:2:  layout_gridlike, nicolae_fountain_basement, uniq_donald, uniq_aizul
Snake:3:  layout_onion, uniq_kirke, uniq_vashnia, uniq_azrael
Orc:1:    layout_diamond_mine, led_sif_book
Orc:2:    grunt_orc_cross, layout_caves, serial_shops,
          nicolae_shop_tiny_statue_garden, portal_ice_cave_demonic_guard,
          nicolae_orc_pool_cavern
Vaults:1: ebering_ghost_gozag, v_pattern_3, ontoclasm_vaults_bender, v_rooms_2,
          nicolae_vaults_steering_wheel, hangedman_vaults_slither,
          grunt_vaults_hallway_long, hangedman_vaults_maws,
          nicolae_vaults_double_plus_2, hangedman_vaults_snaps,
          vaults_room_semicircle, nicolae_vaults_murder_corner,
          vaults_dpeg_ring, v_misc_19, nicolae_vaults_trapezoid_2,
          layout_vaults_omnibox
Vaults:2: nicolae_vaults_hexular_roomagon, v_misc_3,
          nicolae_vaults_surprise_closet, v_pattern_5,
          nicolae_vaults_security_offices_4, v_rooms_3,
          vaults_room_stairs_pillars, nicolae_vaults_more_shelving_1,
          vaults_mumra_chevron, hangedman_vaults_river_flow, v_misc_16,
          layout_vaults_big_cross, serial_shops, shop
Vaults:3: portal_desolation_entry_twin_temple, v_misc_29,
          minmay_crypt_entry_simple_walls, v_misc_2,
          nicolae_vaults_diagonal_hallway_7, nicolae_vaults_tetromino_L_2,
          nicolae_vaults_network_periphery, vaults_room_large_hall,
          vaults_room_pools, vaults_room_corners, nicolae_vaults_stand_back,
          layout_vaults_quadrants
Vaults:4: ebering_ghost_rock_garden, st_hourglassy,
          ontoclasm_vaults_decontamination, ontoclasm_vaults_spin,
          grunt_vaults_hallway_long, vaults_standard_mumra_lines, v_misc_25,
          ontoclasm_vaults_loading_screen, dpeg_vaults_monster_box,
          layout_vaults_big_room, serial_shops, nicolae_shop_rolled_up

Skill      XL: |  1  2  3  4  5  6  7  8  9 10 11 12 13 14 15 16 17 18 19 |
---------------+----------------------------------------------------------+-----
Ranged Weapons | 5 6 7 8 9 10 12 13 15 16 18 20 | 20.0
Fighting       | 3 4 5 7 8 9 10 12 15 18 19 21 22 23 | 23.0
Armour         | 2 3 5 6 7 14 15 | 15.8
Dodging        | 3 4 5 6 7 9 12 14 16 18 19 | 19.3
Invocations    | 1 3 4 5 8 10 | 10.0
Stealth        | |  0.7

Action                     |  1- 3 |  4- 6 |  7- 9 | 10-12 | 13-15 | 16-18 | 19-21 || total
---------------------------+-------+-------+-------+-------+-------+-------+-------++-------
   Fire: Shortbow          |   131 |   169 |    72 |       |       |       |       ||   372
         Orcbow            |       |       |   211 |   672 |   763 |       |       ||  1646
         Hand crossbow     |       |       |       |       |   414 |   423 |       ||   837
         Longbow           |       |       |       |       |       |  1182 |   151 ||  1333
 Invoke: Heroism           |       |       |    14 |    24 |    45 |    48 |     3 ||   134
         Finesse           |       |       |       |     1 |     3 |    13 |       ||    17
    Use: Scroll            |       |     8 |    10 |     7 |     8 |     9 |     1 ||    43
         Potion            |       |     4 |     7 |     1 |     3 |     7 |       ||    22
 Armour: Leather armour    |    11 |     4 |       |       |       |       |       ||    15
         Ring mail         |       |     4 |    51 |    60 |       |       |       ||   115
         Robe              |       |       |       |    16 |   159 |   138 |       ||   313
         Swamp dragon scal |       |       |       |       |       |    40 |    51 ||    91
  Dodge: Dodged            |    35 |    34 |    84 |   235 |   865 |   995 |   161 ||  2409
         Repelled          |       |       |       |       |    10 |    19 |     5 ||    34

Table legend:
 A = Non-vault XP
 B = Vault XP
 C = Vault XP percentage of total XP
 D = Non-vault monster count
 E = Vault monster count
 F = Vault count percentage of total count
                 A         B        C        D         E       F
            +---------+---------+-------+---------+---------+-------
      Total |  256903 |  140211 |  35.3 |     797 |     287 |  26.5
            +---------+---------+-------+---------+---------+-------
        D:1 |      26 |       0 |   0.0 |      18 |       0 |   0.0
        D:2 |     110 |       0 |   0.0 |      29 |       0 |   0.0
        D:3 |     206 |      19 |   8.4 |      36 |       4 |  10.0
        D:4 |     380 |       0 |   0.0 |      22 |       0 |   0.0
        D:5 |    1046 |     231 |  18.1 |      20 |       1 |   4.8
        D:6 |     706 |     277 |  28.2 |      20 |       1 |   4.8
        D:7 |    1364 |     629 |  31.6 |      18 |       1 |   5.3
        D:8 |    2186 |       0 |   0.0 |      14 |       0 |   0.0
        D:9 |    2014 |    1168 |  36.7 |      12 |      13 |  52.0
       D:10 |    3347 |    1364 |  29.0 |      28 |       9 |  24.3
       D:11 |    3445 |       0 |   0.0 |      15 |       0 |   0.0
       D:12 |    8705 |       0 |   0.0 |      32 |       0 |   0.0
       D:13 |    4210 |       0 |   0.0 |      13 |       0 |   0.0
       D:14 |    6691 |    6904 |  50.8 |      18 |      19 |  51.4
       D:15 |   12189 |    3914 |  24.3 |      28 |       9 |  24.3
     Lair:1 |    8198 |    1728 |  17.4 |      31 |       2 |   6.1
     Lair:2 |    4705 |    1471 |  23.8 |      22 |       6 |  21.4
     Lair:3 |   10230 |    3290 |  24.3 |      39 |      26 |  40.0
     Lair:4 |   10737 |       0 |   0.0 |      35 |       0 |   0.0
     Lair:5 |   13439 |   11607 |  46.3 |      39 |      22 |  36.1
    Swamp:1 |    6512 |       0 |   0.0 |      16 |       0 |   0.0
    Swamp:2 |   12038 |     134 |   1.1 |      24 |       1 |   4.0
    Swamp:3 |   15136 |       0 |   0.0 |      29 |       0 |   0.0
    Swamp:4 |   14934 |   16409 |  52.4 |      26 |      23 |  46.9
    Snake:1 |    7081 |    3382 |  32.3 |      12 |       6 |  33.3
    Snake:2 |   18139 |    6381 |  26.0 |      31 |       6 |  16.2
    Snake:3 |    9085 |    9070 |  50.0 |      19 |      15 |  44.1
      Orc:1 |    1809 |      63 |   3.4 |      32 |       2 |   5.9
      Orc:2 |     758 |    7675 |  91.0 |       9 |      36 |  80.0
   Vaults:1 |   33481 |   24131 |  41.9 |      41 |      31 |  43.1
   Vaults:2 |   12074 |   16748 |  58.1 |      20 |      25 |  55.6
   Vaults:3 |   17560 |   15745 |  47.3 |      27 |      21 |  43.8
   Vaults:4 |   14362 |    7871 |  35.4 |      22 |       8 |  26.7
            +---------+---------+-------+---------+---------+-------
